[Event "*** Titled Tuesday 3|2 Blitz (Early)"]
[Site "Chess.com"]
[Date "2016.11.01"]
[Round "2"]
[White "NoWuss2"]
[Black "michaelk123"]
[Result "0-1"]
[WhiteElo "2086"]
[BlackElo "2169"]
[TimeControl "180+2"]
[EndTime "11:23:30 PDT"]
[Termination "michaelk123 won on time"]

1. e4 e6 2. Nf3 c5 3. b4 cxb4 4.
d4 d5 5. e5 Nc6 6. a3 Nh6 7. Bxh6 gxh6 8. axb4 Nxb4 9. c3 Nc6 10.
Bd3 Rg8 11. O-O Rg7 12. Na3 f6 13. exf6 Qxf6 14. Re1 Bd6 15. Nb5 Bb8 16. c4 Kf8 17.
Qe2 Bd7 18. c5 Kf7 19. Rad1 a6 20. Nd6+ Bxd6 21. cxd6 Rag8 22. g3 h5 23. Ne5+ Nxe5 24. dxe5 Qd8 25. Qxh5+ Kf8 26. Bxh7 Rh8 27. Qf3+ Rf7 28.
Qd3 Rhxh7 29. Rc1 Bc6 30. Rxc6 bxc6 31. Rc1 Qb6 32. Rc2 c5 33. Kg2 c4 34. Qg6 Rhg7 35. Qxe6 Qc6 36. Rb2 Rb7 37. Qf6+ Ke8 38. e6 d4+ 39. Kg1 Rxb2 40. d7+ Rxd7 41. exd7+ Kxd7 42. Qxd4+ Kc7 43. Qxb2 c3 44. Qc1 c2 45. h4 Qc3 46. Kf1 Qd3+ 47. Ke1 a5 48. h5 a4 49. Qd2 Qe4+ 50. Kf1 a3 51. Qc3+ Kd7 52. Qxa3 Qc4+ 53. Kg2 c1=Q 54. Qxc1 Qxc1 55. g4 Ke6 56. Kg3 Kf6 57. f4 Qe3+ 0-1

[Event "*** Titled Tuesday 3|2 Blitz (Early)"]
[Site "Chess.com"]
[Date "2016.11.01"]
[Round "2"]
[White "Tash_Boy"]
[Black "ChessWarrior7197"]
[Result "1-0"]
[WhiteElo "2472"]
[BlackElo "2489"]
[TimeControl "180+2"]
[EndTime "11:23:35 PDT"]
[Termination "Tash_Boy won by resignation"]

1. e4 e5 2. Nf3 Nc6 3. Bb5 a6 4. Ba4 Nf6 5. O-O Be7 6. d3 b5 7. Bb3 d6 8. a4 b4 9. a5 O-O 10.
Nbd2 Rb8 11. Nc4 h6 12. h3 Be6 13. Be3 Re8 14. Nfd2 Bf8 15. f4 exf4 16. Rxf4 d5 17.
Ba4 Bd7 18. exd5 Nxd5 19. Re4 Nxe3 20. Nxe3 Bc5 21. Nf1 f5 22. Rxe8+ Qxe8 23. Qf3 Kh8 24. Kh1 Nd4 25. Qd5 Bxa4 26. Qxc5 Ne6 27. Qxf5 Bd7 28. Qf2 Rb5 29. Ng4 h5 30. Ngh2 Qg6 31. Ne3 Kh7 32.
Nf3 Qf6 33. Qg3 Qxb2 34. Rf1 Rxa5 35. Nh4 Qe5 36. Qg6+ Kh8 37. Nc4 Qg5 38. Nxa5 Qxh4 39.
Nc4 Qd4 40. Rf7 Be8 41. Qxe6 Bxf7 42. Qxf7 Qc5 43. Qe8+ Kh7 44. Ne5 a5 45. Qxh5+ Kg8 46. Qf7+ Kh7 47. Nd7 Qg5 48. Nf8+ Kh8 49. Ne6 Qe5 50.
Qe8+ Kh7 51. Nf8+ Kg8 1-0

[Event "*** Titled Tuesday 3|2 Blitz (Early)"]
[Site "Chess.com"]
[Date "2016.11.01"]
[Round "2"]
[White "AlexanderL"]
[Black "Alexander_Moskalenko"]
[Result "0-1"]
[WhiteElo "2517"]
[BlackElo "2712"]
[TimeControl "180+2"]
[EndTime "11:24:05 PDT"]
[Termination "Alexander_Moskalenko won by resignation"]

1. d4 d5 2. c4 e6 3. Nf3 a6 4. e3 Nf6 5. b3 c5 6. Bb2 cxd4 7. exd4 Bb4+ 8. Nbd2 dxc4 9. bxc4 Nc6 10. Bd3 O-O 11.
O-O b5 12. cxb5 axb5 13. Bxb5 Ne7 14. a4 Ba6 15. Qe2 Bxb5 16. axb5 Qb6 17. Ne4 Nxe4 18. Rxa8 Rxa8 19. Qxe4 Rb8 20. Ng5 Ng6 21. Qf3 Qb7 22. d5 h6 23. Qb3 hxg5 24. Qxb4 Qxb5 25.
Qxb5 Rxb5 26. Bc1 Rxd5 27. h3 f6 28. Be3 e5 29. Rc1 Rd7 30. g3 Kf7 31. Kg2 Ne7 32.
Kf3 Ke6 33. Ra1 Nf5 34. Ra6+ Kf7 35. Ke4 Nd6+ 36. Kf3 Nc4 37. Rc6 Na5 38. Rc3 Nb7 39. Rc6 Nd8 40. Ra6 Rb7 41. Ke4 Ne6 42. Rc6 Rb4+ 43.
Kd5 Nd4 44. Rc7+ Kg6 45. g4 Ra4 46. Rb7 Ne2 47. Kd6 Nf4 48. Bxf4 exf4 49. Ke7 Ra8 50. f3 Rh8 51. Rb2 Rxh3 52. Rf2 Rh1 53. Kf8 Rc1 54. Re2 Rc8+ 55. Ke7 Kh7 56. Rh2+ Kg8 57. Ke6 Rc3 58.
Rf2 Re3+ 59. Kd5 Kf7 60. Rf1 Kg6 61. Kd4 f5 62. gxf5+ Kxf5 63. Rf2 g4 64. fxg4+ Kxg4 65. Rg2+ Rg3 66. Rf2 g5 67. Ke5 Re3+ 68. Kf6 f3 0-1

[Event "*** Titled Tuesday 3|2 Blitz (Early)"]
[Site "Chess.com"]
[Date "2016.11.01"]
[Round "2"]
[White "IMJonathanCarlstedt"]
[Black "GMKrikor"]
[Result "0-1"]
[WhiteElo "2402"]
[BlackElo "2583"]
[TimeControl "180+2"]
[EndTime "11:24:46 PDT"]
[Termination "GMKrikor won by resignation"]

1. c4 e5 2. g3 Nf6 3. Bg2 d5 4. cxd5 Nxd5 5. Nc3 Nb6 6. Nf3 Nc6 7. O-O Be7 8. d3 O-O 9. Be3 Re8 10. Rc1 Bf8 11.
a3 Nd4 12. Bxd4 exd4 13. Nb5 c5 14. b4 a6 15. bxc5 axb5 16. cxb6 Qxb6 17. Rc2 Rxa3 18. Qb1 b4 19. Qb2 Rc3 20. Rb1 Bd7 21. Ng5 Ba4 22.
Rcc1 Qc7 23. Ne4 Rc8 24. Nxc3 dxc3 25. Qa2 b5 26. Bd5 g6 27. Bb3 Ra8 28. e3 Kg7 29.
d4 Bd6 30. Qe2 Bxb3 31. Rxb3 Qc4 32. Qc2 Ra3 33. Rcb1 Rxb3 34. Rxb3 Be7 35. Rb1 Bf8 36. Rb3 Be7 37. Rb1 f5 38. Rb3 Kf6 39. Kg2 Ke6 40. f3 Kd5 41. Kf2 Bf6 42. Rb1 Be7 43. e4+ Ke6 44.
exf5+ Kf7 45. fxg6+ hxg6 46. Re1 Qxd4+ 47. Kg2 Bf6 48.
Qb3+ Qc4 49. Qd1 Qc6 50. Qb3+ Qc4 51. Qd1 Qc6 52. Qa1 Be7 53. Qa7 Qc5 54. Qb8 Qd6 55.
Qh8 Qd2+ 56. Kf1 Qd3+ 57. Kg2 Qd2+ 58. Kf1 Qd3+ 59. Kg2 Qd6 60. Qh7+ Ke8 61. Qg8+ Kd7 62. Qb3 Bf6 63. Rd1 Bd4 64. Qf7+ Kc6 65. Qe8+ Kc5 66.
Qe2 b3 67. Qe8 c2 68. Qc8+ Kb4 69. Re1 Qd5 70. Qf8+ Bc5 71. Qf4+ Qc4 72. Qc1 Bd4 73.
Re4 Qc3 74. Qf4 c1=Q 75. Rxd4+ Ka3 76. Qd6+ Kb2 77. h4 b4 78. Re4 Q1d2+ 79. Qxd2+ Qxd2+ 80. Kf1 Kc2 81. Re2 b2 82. Rxd2+ Kxd2 83. g4 b1=Q+ 0-1

[Event "*** Titled Tuesday 3|2 Blitz (Early)"]
[Site "Chess.com"]
[Date "2016.11.01"]
[Round "2"]
[White "dretch"]
[Black "GianmarcoVaR"]
[Result "1/2-1/2"]
[WhiteElo "2650"]
[BlackElo "2410"]
[TimeControl "180+2"]
[EndTime "11:24:55 PDT"]
[Termination "Game drawn by stalemate"]

1. d4 Nf6 2. c4 e6 3. Nc3 Bb4 4. Qc2 d5 5. cxd5 exd5 6. Bg5 h6 7. Bxf6 Qxf6 8. a3 Bxc3+ 9. Qxc3 O-O 10. e3 Bf5 11. Ne2 Rc8 12. Nf4 c6 13. Be2 Nd7 14. O-O Qe7 15. b4 Nf6 16. Rac1 Ne4 17. Qb2 a6 18. a4 b5 19. Nd3 f6 20. Nc5 Nd6 21.
Qc3 g5 22. Rfe1 Bg6 23. Qb3 Kg7 24. Bg4 Bf5 25. Bxf5 Nxf5 26. e4 dxe4 27. Rxe4 Qf7 28. Qh3 Nd6 29. Re6 Rd8 30. Rce1 Ra7 31. a5 Re8 32. R1e3 Rxe6 33. Nxe6+ Kh7 34. f4 gxf4 35.
Nxf4 Re7 36. Ne6 Qe8 37. Re2 f5 38. Qb3 Nc4 39. Qf3 Nd6 40. d5 Qf7 41. Nd8 Qe8 42.
Ne6 Qf7 43. h3 Qf6 44. Kh2 Ne4 45. Nf4 cxd5 46. Nxd5 Qe5+ 47. Nf4 Rg7 48. Qe3 Re7 49. g3 Rc7 50. Qf3 Rc3 51. Re3 Rxe3 52. Qxe3 Qb2+ 53. Kg1 Qxb4 54. Qa7+ Kg8 55. Qb8+ Qf8 56. Qe5 Qc5+ 57.
Qxc5 Nxc5 58. Nd5 Nb3 59. Nb4 Nxa5 60. Nxa6 Nc6 61. Nc5 Nd4 62. Nd3 Kf7 63. Kf2 Ke6 64. Nf4+ Ke5 65. Ke3 Ne6 66. Ne2 Kd5 67. Kd3 b4 68. h4 h5 69. Kc2 Kc4 70. Kb2 Kd3 71.
Ng1 Ke3 72. Nh3 Kf3 73. Ng5+ Kxg3 74. Nxe6 f4 75. Kb3 f3 76. Ng5 Kf4 77. Kxb4 f2 78.
Nh3+ Kg3 79. Nxf2 Kxf2 80. Kc3 Kg3 81. Kd2 Kxh4 82. Ke2 Kg3 83. Kf1 Kh2 84. Kf2 Kh3 85. Kg1 h4 86. Kh1 Kg3 87. Kg1 h3 88. Kh1 h2 1/2-1/2

[Event "*** Titled Tuesday 3|2 Blitz (Early)"]
[Site "Chess.com"]
[Date "2016.11.01"]
[Round "2"]
[White "ulises2013"]
[Black "Keaton87"]
[Result "0-1"]
[WhiteElo "2268"]
[BlackElo "2433"]
[TimeControl "180+2"]
[EndTime "11:25:09 PDT"]
[Termination "Keaton87 won on time"]

1. e4 c5 2. Nf3 d6 3. d4 Nf6 4.
Nc3 cxd4 5. Nxd4 g6 6. f4 Nc6 7.
Be3 Bg7 8. h3 O-O 9. Qf3 Nxd4 10. Bxd4 Be6 11. g4 Qa5 12. Be2 Rfc8 13. O-O b5 14. g5 Ne8 15. Bxg7 Nxg7 16. a3 Rab8 17.
Bd3 Bc4 18. f5 Rf8 19. Rad1 Bxd3 20. Qxd3 b4 21. Nd5 Rb7 22. axb4 Qd8 23. f6 exf6 24.
Nxf6+ Kh8 25. c3 Ne6 26. h4 a5 27. Qd5 Qb6+ 28. Kh2 axb4 29. c4 Rc7 30. b3 Qe3 31. Qd3 Qc5 32. Nd5 Qc6 33. Nxc7 Qxc7 34. Qxd6 Qc8 35.
Qe5+ Kg8 36. Rf6 Nc5 37. Rdf1 Nd7 38. Qf4 Nxf6 39. gxf6 Qe6 40. Qh6 Qe5+ 41. Rf4 Qb2+ 42. Kg1 Qc1+ 43. Kg2 Qd2+ 44. Kg3 Qe3+ 45. Kg4 Qg1+ 46.
Kf3 Qf1+ 47. Kg3 Qg1+ 48. Kf3 Qf1+ 49. Ke3 Qg1+ 50. Rf2 Qg3+ 51. Ke2 Qg4+ 52. Kf1 Qh3+ 53. Kg1 Qg4+ 54. Rg2 Qd1+ 55. Kf2 Qc2+ 56. Kf3 Qd3+ 57. Kf4 Qd6+ 58. e5 Qd4+ 59. Kf3 Qd3+ 60. Kf2 Qd4+ 61. Kf1 Qd1+ 62. Kf2 Qd4+ 63. Qe3 Qxh4+ 64. Rg3 Ra8 65. e6 Qxf6+ 66. Rf3 Qxe6 67. Qxe6 fxe6 68.
Re3 Ra6 69. Kf3 Kg7 0-1

[Event "*** Titled Tuesday 3|2 Blitz (Early)"]
[Site "Chess.com"]
[Date "2016.11.01"]
[Round "2"]
[White "popov_m"]
[Black "APL2001"]
[Result "0-1"]
[WhiteElo "2231"]
[BlackElo "2421"]
[TimeControl "180+2"]
[EndTime "11:25:18 PDT"]
[Termination "APL2001 won by resignation"]

1. c4 Nf6 2. g3 g6 3. Bg2 Bg7 4. Nc3 d6 5. e4 O-O 6. Nge2 e5 7. O-O Nc6 8. d3 Be6 9. h3 Qd7 10. Kh2 Rad8 11. Be3 a6 12. b3 Ne7 13. d4 exd4 14. Nxd4 Nc6 15. Nxc6 bxc6 16. Qd2 Rfe8 17. Rad1 Qe7 18. f4 c5 19. Bf2 Bc8 20. Rfe1 Bb7 21. Qc2 Nd7 22. e5 Bxg2 23. exd6 Qf6 24. dxc7 Rc8 25.
Rxe8+ Rxe8 26. Kxg2 Nb6 27. Nd5 Qc6 28. Qd3 Nxd5 29.
Qxd5 Qxc7 30. Qxc5 Qb7+ 31. Qd5 Qe7 32. c5 Rc8 33. c6 h5 34. h4 Qe2 35. Rd2 Qe8 36.
Qd7 Qe4+ 37. Kh2 Qxc6 38. Qxc6 Rxc6 39. Kg2 Kf8 40. Kf3 Ke7 41. Ke2 Ke6 42. Kf3 Rc3+ 43.
Be3 Rc6 44. Ke4 f5+ 45. Kf3 Bf6 46. Ke2 Bg7 47. Kd1 Rc3 48. Re2 Kd5 49. Kd2 Rc6 50.
Bf2 Bf6 51. Re3 Bg7 52. Rd3+ Ke6 53. Bd4 Bf8 54. Be5 Bb4+ 55. Ke3 Bc5+ 56. Bd4 Bb4 57. Be5 Rc2 58. Kf3 Rxa2 59. Rd8 Bc5 60. Bd4 Bd6 61. Re8+ Kd5 62. Be3 Rb2 63. Rg8 Rxb3 64. Ke2 Rb2+ 65. Kd3 Rb3+ 66. Ke2 Ke4 67. Re8+ Kd5 68. Rg8 a5 69.
Rxg6 a4 70. Rf6 a3 71. Rxf5+ Kc4 72. Ra5 Rb2+ 73. Kf3 a2 74. f5 Kb3 75. f6 Ba3 76.
f7 a1=Q 77. Rb5+ Ka2 78. Ra5 Qf1+ 0-1

[Event "*** Titled Tuesday 3|2 Blitz (Early)"]
[Site "Chess.com"]
[Date "2016.11.01"]
[Round "2"]
[White "Gergo85"]
[Black "filali-oujda"]
[Result "1/2-1/2"]
[WhiteElo "2411"]
[BlackElo "2253"]
[TimeControl "180+2"]
[EndTime "11:25:23 PDT"]
[Termination "Game drawn - insufficient material"]

1. e4 c6 2. Nf3 d5 3. Nc3 dxe4 4.
Nxe4 Nf6 5. Qe2 e6 6. d4 Nbd7 7. c3 Nxe4 8. Qxe4 Nf6 9. Qc2 Bd6 10. Bd3 Qc7 11. O-O h6 12. a4 b6 13. a5 bxa5 14. Qa4 O-O 15. Qxa5 Qb8 16. Ne5 c5 17. f4 cxd4 18.
cxd4 Qb3 19. Qc3 Qd5 20. Bc4 Qe4 21. Re1 Qf5 22. Qf3 Rb8 23. Bd3 Qh5 24. Qxh5 Nxh5 25. Rxa7 f6 26. Nc6 Rb6 27. Ne7+ Bxe7 28. Rxe7 f5 29.
Bc4 Rd8 30. d5 exd5 31. Re8+ Rxe8 32. Rxe8+ Kh7 33. Rxc8 dxc4 34. Rxc4 Nf6 35. Kf2 Rb3 36. Ke2 Ne4 37. Kd1 g5 38. Kc2 Rb6 39. g4 Nd6 40. Rc7+ Kg6 41. fxg5 Nb5 42. gxf5+ Kxf5 43. Rc5+ Kg6 44.
gxh6 Nd4+ 45. Kd3 Nb3 46. Be3 Nxc5+ 47. Bxc5 Rxb2 48. Be3 Rxh2 49. Ke4 Rh4+ 50. Bf4 Rh1 51. Kf3 Rh4 52. Kg3 Rh1 53. Kg2 Ra1 54. Kg3 Kf5 55. h7 Rh1 56. Kg2 Rxh7 57. Bg3 Rb7 58. Bf2 Kg4 59. Kh1 Kf3 60. Bg1 Rg7 61. Bd4 Rh7+ 62.
Kg1 Rh5 63. Bb6 Rd5 64. Ba7 Rd1+ 65. Kh2 Rb1 66. Bc5 Rb2+ 67. Kh1 Rc2 68. Ba7 Kg3 69.
Bb8+ Kh3 70. Kg1 Rc1+ 71. Kf2 Rc3 72. Kg1 Kg4 73. Kf2 Rb3 74. Bc7 Rd3 75. Bb8 Rf3+ 76. Kg2 Rf6 77. Bc7 Rc6 78. Bb8 Rc2+ 79. Kh1 Kf3 80. Ba7 Rd2 81. Bb6 Kg3 82. Bc7+ Kh3 83.
Kg1 Kg4 84. Bb8 Kf3 85. Ba7 Rb2 86. Bc5 Rc2 87. Ba7 Rg2+ 88. Kh1 Rg7 89. Bc5 Rg8 90. Bb6 Rg1+ 91. Kxg1 1/2-1/2

[Event "*** Titled Tuesday 3|2 Blitz (Early)"]
[Site "Chess.com"]
[Date "2016.11.01"]
[Round "3"]
[White "Zaven_ChessMood"]
[Black "fireheart92"]
[Result "1/2-1/2"]
[WhiteElo "2573"]
[BlackElo "2505"]
[TimeControl "180+2"]
[EndTime "11:26:25 PDT"]
[Termination "Game drawn by repetition"]

1. e4 c5 2. Nf3 d6 3. d4 cxd4 4.
Nxd4 Nf6 5. Nc3 a6 6. Be3 Ng4 7. Bc1 Nf6 8. Be3 Ng4 9. Bc1 Nf6 10. Be3 Ng4 11. Bc1 Nf6 1/2-1/2

[Event "*** Titled Tuesday 3|2 Blitz (Early)"]
[Site "Chess.com"]
[Date "2016.11.01"]
[Round "3"]
[White "popov_m"]
[Black "SCIM"]
[Result "1-0"]
[WhiteElo "2245"]
[BlackElo "2278"]
[TimeControl "180+2"]
[EndTime "11:28:40 PDT"]
[Termination "popov_m won by resignation"]

1. c4 g6 2. g3 c5 3. Nc3 Nc6 4.
Bg2 Bg7 5. Nf3 e6 6. O-O Nge7 7. d4 cxd4 8. Nb5 O-O 9. Nbxd4 d5 10. cxd5 exd5 11.
Be3 Bg4 12. h3 Bxf3 13. Nxf3 d4 14. Bd2 Re8 15. Ne1 Rc8 16. Nd3 h5 17. Rc1 Qd6 18. Qb3 Na5 19. Bxa5 1-0

[Event "*** Titled Tuesday 3|2 Blitz (Early)"]
[Site "Chess.com"]
[Date "2016.11.01"]
[Round "3"]
[White "Tash_Boy"]
[Black "LawrenceTrent"]
[Result "0-1"]
[WhiteElo "2465"]
[BlackElo "2532"]
[TimeControl "180+2"]
[EndTime "11:28:48 PDT"]
[Termination "LawrenceTrent won by resignation"]

1. e4 c5 2. Nf3 d6 3. d4 cxd4 4.
Nxd4 Nf6 5. Nc3 g6 6. Be3 Bg7 7.
f3 O-O 8. Qd2 Nc6 9. g4 Be6 10.
Nxe6 fxe6 11. O-O-O Ne5 12. Be2 Rc8 13. h4 Qa5 14. h5 Rxc3 15. Qxc3 Qxa2 16. Bh6 Bxh6+ 0-1

[Event "*** Titled Tuesday 3|2 Blitz (Early)"]
[Site "Chess.com"]
[Date "2016.11.01"]
[Round "3"]
[White "josiwales"]
[Black "MateusViageiro"]
[Result "1/2-1/2"]
[WhiteElo "2172"]
[BlackElo "2298"]
[TimeControl "180+2"]
[EndTime "11:30:06 PDT"]
[Termination "Game drawn by agreement"]

1. e4 c5 2. Nc3 d6 3. g3 Nf6 4.
Bg2 g6 5. d3 Bg7 6. Nge2 O-O 7.
O-O Nc6 8. f4 a6 9. h3 Qc7 10. g4 b5 11. Ng3 Bb7 12. g5 Nd7 13. Nd5 Qd8 14. f5 e6 15. f6 exd5 16. fxg7 Kxg7 17.
exd5 Nce5 18. Bf4 Nb6 19. Bxe5+ dxe5 20. Ne4 Bxd5 21. Qg4 Bxe4 22. Bxe4 Rb8 23. Qh4 Qd4+ 24. Kh1 Qxb2 25. Rae1 Qd4 26. Qh6+ Kg8 27. Rf6 Nd5 28. Bxg6 fxg6 29. Rxg6+ hxg6 30. Qxg6+ Kh8 31. Qh6+ Kg8 32.
Qg6+ Kh8 33. Qh6+ 1/2-1/2

[Event "*** Titled Tuesday 3|2 Blitz (Early)"]
[Site "Chess.com"]
[Date "2016.11.01"]
[Round "3"]
[White "yurisolo"]
[Black "Paralinch"]
[Result "0-1"]
[WhiteElo "2520"]
[BlackElo "2654"]
[TimeControl "180+2"]
[EndTime "11:30:08 PDT"]
[Termination "Paralinch won by resignation"]

1. e4 c6 2. d4 d5 3. Nc3 dxe4 4. Nxe4 Bf5 5. Ng3 Bg6 6. h4 h6 7. Nf3 e6 8. Ne5 Bh7 9. Bd3 Bxd3 10. Qxd3 Nd7 11. f4 Be7 12. Bd2 Nxe5 13. fxe5 Bxh4 14. O-O-O Bxg3 15. Qxg3 Ne7 16. Qxg7 Rg8 17. Qxh6 Qxd4 18. Bc3 Qg4 19. Kb1 Nd5 20. Ba5 b6 21. Bd2 O-O-O 22.
Rhg1 Rg6 23. Qh7 Ne3 24. Bxe3 Rxd1+ 25. Rxd1 Qxd1+ 26. Bc1 Rxg2 27. Qxf7 Qxc2+ 0-1

[Event "*** Titled Tuesday 3|2 Blitz (Early)"]
[Site "Chess.com"]
[Date "2016.11.01"]
[Round "3"]
[White "petrpalachev"]
[Black "Kawhi_Leonard2"]
[Result "1-0"]
[WhiteElo "2409"]
[BlackElo "2057"]
[TimeControl "180+2"]
[EndTime "11:30:19 PDT"]
[Termination "petrpalachev won by checkmate"]

1. e4 c5 2. Nf3 d6 3. d4 cxd4 4.
Nxd4 Nf6 5. Nc3 g6 6. Be3 Bg7 7. f3 Nc6 8. Qd2 O-O 9. Bc4 Bd7 10. h4 h5 11. O-O-O Ne5 12. Bb3 Rc8 13. Bg5 Rc5 14. g4 hxg4 15. h5 Nxh5 16. Nd5 Re8 17. Rxh5 gxh5 18.
Qh2 Rxd5 19. Bxd5 Qb6 20. Qxh5 e6 21. Bb3 Nxf3 22. Nxf3 gxf3 23. Qxf3 a5 24. Bf6 Bh6+ 25. Kb1 a4 26. Qg2+ Kh7 27. Rh1 Qe3 28. Qg7# 1-0

[Event "*** Titled Tuesday 3|2 Blitz (Early)"]
[Site "Chess.com"]
[Date "2016.11.01"]
[Round "3"]
[White "bilelou"]
[Black "Andrejkin"]
[Result "1-0"]
[WhiteElo "2365"]
[BlackElo "2160"]
[TimeControl "180+2"]
[EndTime "11:30:24 PDT"]
[Termination "bilelou won by resignation"]

1. d4 Nf6 2. c4 e6 3. Nf3 b6 4. g3 Bb7 5. Bg2 Be7 6. O-O O-O 7. Re1 d5 8. cxd5 exd5 9. Nc3 Ne4 10. Nxe4 dxe4 11.
Ne5 f6 12. Nc4 b5 13. Na5 Bd5 14. Bd2 b4 15. Qc2 c5 16. Bxe4 Bxe4 17. Qxe4 Qxa5 18. Qxa8 cxd4 19. Bf4 Nd7 20. Qb7 Qd8 21. Rad1 Bc5 22. e3 dxe3 23. Bxe3 Bxe3 24. Rxd7 Bxf2+ 25. Kxf2 1-0

[Event "*** Titled Tuesday 3|2 Blitz (Early)"]
[Site "Chess.com"]
[Date "2016.11.01"]
[Round "3"]
[White "ulises2013"]
[Black "HovmoellerHest"]
[Result "1-0"]
[WhiteElo "2276"]
[BlackElo "2271"]
[TimeControl "180+2"]
[EndTime "11:30:26 PDT"]
[Termination "ulises2013 won by resignation"]

1. e4 c5 2. Nf3 d6 3. d4 cxd4 4. Nxd4 Nf6 5. Nc3 a6 6. f4 e5 7. Nb3 Be7 8. Qf3 b5 9. a4 b4 10. Nd5 Nxd5 11. exd5 Bf6 12. Bd3 Nd7 13. O-O Bb7 14.
a5 Qc7 15. Be3 exf4 16. Bxf4 Ne5 17. Qg3 O-O-O 18. Be3 Nd7 19. Qg4 Rde8 20. Bb6 Qb8 21. Bf5 Re7 22. Qc4+ 1-0

[Event "*** Titled Tuesday 3|2 Blitz (Early)"]
[Site "Chess.com"]
[Date "2016.11.01"]
[Round "3"]
[White "DanielNaroditsky"]
[Black "brightthunder"]
[Result "1-0"]
[WhiteElo "2735"]
[BlackElo "2570"]
[TimeControl "180+2"]
[EndTime "11:30:56 PDT"]
[Termination "DanielNaroditsky won by resignation"]

1. d4 Nf6 2. Bf4 g6 3. Nc3 d6 4. e4 Bg7 5. Be2 O-O 6. Nf3 c6 7. a4 Nbd7 8. h3 Qc7 9. O-O e5 10. dxe5 Nxe5 11. Qd2 Be6 12. Bh6 Rad8 13. Bxg7 Kxg7 14.
Rad1 Rfe8 15. Nd4 Ned7 16. f4 Nc5 17. f5 Bc8 18. fxg6 fxg6 19. Rxf6 Kxf6 20. Qh6 1-0

[Event "*** Titled Tuesday 3|2 Blitz (Early)"]
[Site "Chess.com"]
[Date "2016.11.01"]
[Round "3"]
[White "Morshynska"]
[Black "Drags95"]
[Result "0-1"]
[WhiteElo "2150"]
[BlackElo "2431"]
[TimeControl "180+2"]
[EndTime "11:31:59 PDT"]
[Termination "Drags95 won by resignation"]

1. Nf3 Nf6 2. g3 g6 3. Bg2 Bg7 4. O-O O-O 5. d4 d6 6. b3 e5 7.
dxe5 dxe5 8. Bb2 e4 9. Qxd8 Rxd8 10. Ng5 Bf5 11. Nc3 Nc6 12. Rad1 h6 13. Nh3 Nd4 14. Rc1 Nd5 15. Rfe1 Nxe2+ 16. Rxe2 Bxc3 17. Ba3 Re8 18. Nf4 Nxf4 19. gxf4 Rad8 20. Bc5 b6 21. Be3 c5 22. h3 h5 23. Kh2 Rd6 24. Rg1 Bc8 25.
Bc1 f5 26. Be3 Ba6 0-1

[Event "*** Titled Tuesday 3|2 Blitz (Early)"]
[Site "Chess.com"]
[Date "2016.11.01"]
[Round "3"]
[White "Quiet_Desperation"]
[Black "IMJonathanCarlstedt"]
[Result "0-1"]
[WhiteElo "2295"]
[BlackElo "2417"]
[TimeControl "180+2"]
[EndTime "11:32:01 PDT"]
[Termination "IMJonathanCarlstedt won by checkmate"]

1. e4 e5 2. Nf3 Nc6 3. Bb5 a6 4. Ba4 Nf6 5. d3 Bc5 6. c3 d6 7.
h3 Ba7 8. O-O h6 9. Qe2 g5 10.
Nh2 Bd7 11. Be3 Qe7 12. Nd2 Rg8 13. f3 Nh5 14. Qe1 Nf4 15. Bxa7 Rxa7 16. b4 h5 17. Kh1 Ra8 18. Qe3 Nd8 19. Bb3 Nde6 20. d4 Nxg2 21.
Kxg2 Nf4+ 22. Kh1 Bxh3 23. Rg1 g4 24. dxe5 dxe5 25. Ndf1 a5 26. a3 Ra6 27. Rd1 Kf8 28.
b5 Rag6 29. Qa7 Kg7 30. Qxb7 Kh8 31. fxg4 hxg4 32. b6 g3 33. Qxc7 g2+ 34. Rxg2 Bxg2+ 35. Kg1 Nh3# 0-1

[Event "*** Titled Tuesday 3|2 Blitz (Early)"]
[Site "Chess.com"]
[Date "2016.11.01"]
[Round "3"]
[White "filali-oujda"]
[Black "RitvarsReimanis"]
[Result "1-0"]
[WhiteElo "2264"]
[BlackElo "2403"]
[TimeControl "180+2"]
[EndTime "11:32:01 PDT"]
[Termination "filali-oujda won by resignation"]

1. e4 c5 2. Nf3 Nc6 3. c4 e5 4.
Nc3 d6 5. d3 f5 6. Be3 Nf6 7. Nd5 Be7 8. Nxe7 Qxe7 9. Be2 fxe4 10. dxe4 Nxe4 11. O-O O-O 12. Qd5+ Kh8 13. Qxe4 Bf5 14.
Qd5 e4 15. Bg5 Qe8 16. Nh4 Qd7 17. Nxf5 Rxf5 18. Qd2 Qc7 19. Bg4 Rff8 20. Rad1 Nd4 21. Be3 Nc6 22. Qxd6 Qa5 23. a3 Qa4 24. Qxc5 h6 25.
Bd7 Rf6 26. Bxc6 Rxc6 27. Qb5 Qxc4 28. Qxc4 Rxc4 29. Rd7 b6 30. Bd4 Rg8 31. Bc3 a5 32. h3 Kh7 33. Rfd1 Kg6 34. R1d6+ Kf5 35. Rf7+ Kg5 36.
Rxg7+ Rxg7 37. Bxg7 h5 38. Bc3 b5 39. Rd5+ Kf4 40.
Bd2+ e3 41. Bxe3+ Ke4 42. Rxb5 a4 43. Rb4 Rxb4 44. axb4 Kd3 45. b5 Kc4 46. b6 Kb3 47. b7 Kxb2 48. b8=Q+ Ka2 49. Bd4 a3 50. Qa7 h4 51.
Bc5 Kb1 52. Qxa3 1-0

[Event "*** Titled Tuesday 3|2 Blitz (Early)"]
[Site "Chess.com"]
[Date "2016.11.01"]
[Round "3"]
[White "Peroncio"]
[Black "RodinMihail"]
[Result "0-1"]
[WhiteElo "2527"]
[BlackElo "2433"]
[TimeControl "180+2"]
[EndTime "11:32:08 PDT"]
[Termination "RodinMihail won by checkmate"]

1. e4 e5 2. Nc3 Nf6 3. f4 d5 4.
fxe5 Nxe4 5. Qe2 Nc6 6. Nf3 Nxc3 7. dxc3 Be6 8. Be3 Qd7 9. O-O-O O-O-O 10. Kb1 Be7 11. Qf2 Kb8 12. c4 Qe8 13. cxd5 Rxd5 14. Rxd5 Bxd5 15. Bb5 Bxa2+ 16. Ka1 Be6 17. Bxa7+ Kc8 18.
Bc5 Bd7 19. Re1 Qf8 20. Bxe7 Qxe7 21. Nd4 Nxd4 22. Qxd4 Bxb5 23. Qf2 Qb4 24. Kb1 Rd8 25. Rc1 Bc4 26. Qg3 g6 27. Qg4+ Kb8 28. b3 b5 29. Kb2 Rd2 30. Qe4 Qxb3+ 31. Ka1 Qa2# 0-1

[Event "*** Titled Tuesday 3|2 Blitz (Early)"]
[Site "Chess.com"]
[Date "2016.11.01"]
[Round "3"]
[White "AdrianaNikolova"]
[Black "Jungle_Jaguar"]
[Result "0-1"]
[WhiteElo "2244"]
[BlackElo "2317"]
[TimeControl "180+2"]
[EndTime "11:32:09 PDT"]
[Termination "Jungle_Jaguar won by resignation"]

1. e4 c5 2. Nf3 e6 3. Nc3 a6 4. d4 cxd4 5. Nxd4 Qc7 6. g3 Nc6 7.
Bg2 Bc5 8. Be3 Bb4 9. O-O Nge7 10. Nce2 O-O 11. c3 Ba5 12. Qd2 d5 13. Rad1 Nxd4 14.
Nxd4 Bb6 15. exd5 Nxd5 16. Bxd5 exd5 17. f3 Bh3 18. Rf2 Rfe8 19. Bf4 Qc4 20. a3 Bd7 21. Kg2 Rac8 22. Re2 Bxd4 23. Rxe8+ Rxe8 24. Qxd4 Qe2+ 25. Qf2 Qxd1 0-1

[Event "*** Titled Tuesday 3|2 Blitz (Early)"]
[Site "Chess.com"]
[Date "2016.11.01"]
[Round "3"]
[White "Bishops83"]
[Black "Mbneu"]
[Result "1-0"]
[WhiteElo "2258"]
[BlackElo "2125"]
[TimeControl "180+2"]
[EndTime "11:32:11 PDT"]
[Termination "Bishops83 won by resignation"]

1. e4 d6 2. d4 Nf6 3. Nc3 g6 4.
f4 Bg7 5. Nf3 c5 6. dxc5 Qa5 7.
Qd4 Nc6 8. Bb5 O-O 9. Qa4 Qxa4 10. Bxa4 dxc5 11. e5 Ng4 12. Nd5 Be6 13. Nc7 Rac8 14. Nxe6 fxe6 15. Bb3 Nd8 16. Bc4 Nh6 17. Be3 Nhf7 18.
O-O-O g5 19. g3 gxf4 20. gxf4 Kh8 21. Rd7 a6 22. a4 Nh6 23. Rxe7 Nf5 24. Rxg7 Kxg7 25.
Bd2 Nd4 26. Ng5 h6 27. Ne4 b6 28. Rg1+ Kf7 29. Nd6+ 1-0

[Event "*** Titled Tuesday 3|2 Blitz (Early)"]
[Site "Chess.com"]
[Date "2016.11.01"]
[Round "3"]
[White "PowerThinking2650"]
[Black "Divertissement"]
[Result "0-1"]
[WhiteElo "2191"]
[BlackElo "2355"]
[TimeControl "180+2"]
[EndTime "11:32:23 PDT"]
[Termination "Divertissement won by resignation"]

1. e4 c5 2. Nf3 Nc6 3. Nc3 g6 4. g3 Bg7 5. Bg2 d6 6. O-O e5 7. d3 Nge7 8. Be3 O-O 9. Qd2 f5 10. Bh6 f4 11. Bxg7 Kxg7 12. Ne2 Bg4 13. gxf4 Ng8 14.
h3 Bxf3 15. Bxf3 Qh4 16. Kh2 Nd4 17. Nxd4 cxd4 18. f5 gxf5 19. Rg1+ Kh8 20. exf5 Rxf5 21. Rg3 Raf8 22. Qe2 Qf6 23. Kg2 Ne7 24. Rf1 Ng6 25. Qe4 Nh4+ 0-1

[Event "*** Titled Tuesday 3|2 Blitz (Early)"]
[Site "Chess.com"]
[Date "2016.11.01"]
[Round "3"]
[White "platy3"]
[Black "SavelijTartakover"]
[Result "1-0"]
[WhiteElo "2685"]
[BlackElo "2447"]
[TimeControl "180+2"]
[EndTime "11:32:28 PDT"]
[Termination "platy3 won by resignation"]

1. e4 c5 2. Nf3 Nc6 3. d4 cxd4 4.
Nxd4 Nf6 5. Nc3 d6 6. Bc4 e6 7.
Be3 Be7 8. Qe2 O-O 9. O-O-O a6 10. Bb3 Qe8 11. Rhg1 Nd7 12. g4 Nc5 13. g5 Bd7 14. f4 b5 15. a3 Rb8 16. f5 Nxd4 17. Bxd4 Nxb3+ 18. cxb3 exf5 19. Nd5 Rc8+ 20. Kb1 Bc6 21.
Qh5 Bxd5 22. exd5 g6 23. Qh6 f6 24. Rde1 Qf7 25. Re6 fxg5 26. h4 Rfe8 27. h5 Bf8 28. hxg6 Bxh6 29. gxf7+ Kxf7 30. Rxh6 Re4 31. Bc3 Rg8 32. Rf6+ 1-0